 Dungeon Crawl Stone Soup version 0.21-a0-522-ga8338f0 (webtiles) character file.

47 Gerstahl the Chopper (level 3, 0/29 HPs)
             Began as a Demonspawn Gladiator on Dec 7, 2017.
             Succumbed to an adder's poison
             ... on level 2 of the Dungeon.
             The game lasted 00:01:30 (1552 turns).

Gerstahl the Chopper (Demonspawn Gladiator)         Turns: 1552, Time: 00:01:31

Health: 0/29       AC:  5    Str: 15    XL:     3   Next: 48%
Magic:  3/3        EV: 13    Int:  9    God:
Gold:   57         SH:  0    Dex: 16    Spells: 2/2 levels left

rFire    . . .     SeeInvis .   a - +0 war axe
rCold    + . .     Gourm    .   (no shield)
rNeg     . . .     Faith    .   b - +0 leather armour
rPois    .         Spirit   .   c - +0 helmet
rElec    +         Reflect  .   l - +0 cloak
rCorr    .         Harm     .   (no gloves)
MR       .....                  (no boots)
Stlth    +.........             (no amulet)
HPRegen  0.09/turn              (no ring)
MPRegen  0.08/turn              (no ring)

@: lethally poisoned (0 -> -3)
A: agile 1, cold resistance 1, electricity resistance
a: no special abilities


You were on level 2 of the Dungeon.
You were not hungry.

You visited 1 branch of the dungeon, and saw 2 of its levels.

You collected 57 gold pieces.

Inventory:

Hand Weapons
 a - a +0 war axe (weapon)
Missiles
 d - 3 throwing nets (quivered)
Armour
 b - a +0 leather armour (worn)
 c - a +0 helmet (worn)
 l - a +0 cloak (worn)
Jewellery
 k - a +3 ring of strength {unknown}
Scrolls
 e - a scroll of identify
 h - a scroll of teleportation {unknown}
Comestibles
 f - 2 bread rations
 j - a meat ration


   Skills:
 + Level 3.1 Fighting
 + Level 3.5 Axes
 - Level 1.7 Throwing
 - Level 2.6 Dodging


You had 2 spell levels left.
You didn't know any spells.

Dungeon Overview and Level Annotations

Branches:
Dungeon (2/15)

Altars:


Innate Abilities, Weirdness & Mutations

Your flesh is cold resistant. (rC+)
You are agile. (Dex +2)
You are resistant to electric shocks. (rElec)


Message History

You feel sick. The adder bites you.
* * * LOW HITPOINT WARNING * * *
It was a potion of mutation.
You feel extremely strange.
You feel agile.
You feel insulated. The adder bites you.
* * * LOW HITPOINT WARNING * * *
The adder closely misses you.
As you read the scroll labeled BIMAODGHAGU, it crumbles to dust.
It is a scroll of identify.
g - a scroll of fog
* * * LOW HITPOINT WARNING * * *
You feel sick. The adder barely misses you.
As you read the scroll of fog, it crumbles to dust.
The scroll dissolves into smoke.
The adder closely misses you.
* * * LOW HITPOINT WARNING * * *
You feel sick. The adder closely misses you.
* * * LOW HITPOINT WARNING * * *
You feel sick. The adder closely misses you.
You die...

.......o#######
......§go......
#># #o# #.# #§#
#.# #o# #.# #o#
#.# #.#
#.############S#
##..(((.(....@..#
#((.#############
#.#.# #...# ##..#
#..# #.. .####..#
#.# .......# #.#
..###.## #.#


You could see an adder.

Vanquished Creatures
  A gnoll (D:1)
  An ooze (D:1)
  A dart slug (D:1)
  A giant cockroach (D:1)
  5 goblins
  3 hobgoblins
  2 jackals (D:1)
  4 frilled lizards
  7 kobolds (D:1)
  6 rats (D:1)
31 creatures vanquished.

Notes
Turn   | Place    | Note
-------+----------+-------------------------------------------
     0 | D:1      | Gerstahl the Demonspawn Gladiator began the quest for the Orb.
     0 | D:1      | Reached XP level 1. HP: 16/16 MP: 1/1
   118 | D:1      | Gained mutation: Your flesh is cold resistant. (rC+) [demonic ancestry]
   118 | D:1      | Reached XP level 2. HP: 13/23 MP: 2/2
   663 | D:1      | Reached XP level 3. HP: 10/28 MP: 3/3
  1544 | D:2      | Gained mutation: You are agile. (Dex +2) [potion of mutation]
  1544 | D:2      | Gained mutation: You are resistant to electric shocks. (rElec) [potion of mutation]
  1549 | D:2      | HP: 1/29 [poisoned by an adder]
  1552 | D:2      | Succumbed to an adder's poison

Vault maps used:
D:1:      shiori_arrival_maze, serial_forest, infiniplex_forest_end_2,
          infiniplex_forest_clump_small, infiniplex_forest_straight_2,
          infiniplex_forest_fountain, infiniplex_forest_lined_3,
          infiniplex_forest_clump_curved
D:2:      uniq_natasha, uniq_crazy_yiuf_cottage

Skill      XL: |  1  2  3 |
---------------+----------+-----
Axes           | 3 |  3.5
Fighting       | 3 |  3.1
Throwing       | |  1.7
Dodging        | |  2.6

Action                   || total
-------------------------++-------
Melee: War axe           ||   108
  Use: Scroll            ||     2
       Potion            ||     1
 Stab: Sleeping          ||     1
  Eat: Chunk             ||     2
Armor: Leather armour    ||    37
Dodge: Dodged            ||    77

Table legend:
 A = Spawn XP
 B = Non-spawn XP
 C = Spawn XP percentage of total XP
 D = Spawn monster count
 E = Non-spawn monster count
 F = Spawn count percentage of total count
 G = Total turns spent on level
                    A         B        C        D         E        F      G
               +---------+---------+-------+---------+---------+-------+---------
         Total |       0 |      68 |   0.0 |       0 |      31 |   0.0 |  1552
               +---------+---------+-------+---------+---------+-------+---------
           D:1 |       0 |      63 |   0.0 |       0 |      28 |   0.0 |  1474
           D:2 |       0 |       5 |   0.0 |       0 |       3 |   0.0 |    78
               +---------+---------+-------+---------+---------+-------+---------
